Map: Abyssal Reef LE

Players

ShoWTimE - Winner!

  • Race: Protoss Protoss
  • Spawn Location: 11:00

Minato

  • Race: Zerg Zerg
  • Spawn Location: 5:00

Event: WCS Jonkoping 2017

VOD

Have the link to the VOD?

Description

Time

  • Played on: June 17, 2017, 6:56 a.m.
  • Length: 14:36

All games in this series

Show
View Real Time Build Order
Export as new Build Order

ShoWTimE Protoss - Winner!

Build Orders: 1 Gate Expand, Oracle Opening, Zealot Archon 

Get SALT Encoding   

  12  0:00  Probe (Chrono Boost)  
  13  0:11  Probe (Chrono Boost)  
  14  0:17  Pylon  
  14  0:22  Probe (Chrono Boost)  
  15  0:36  Probe (Chrono Boost)  
  15  0:39  Gateway  
  16  0:46  Probe (Chrono Boost)  
  16  0:49  Assimilator  
  18  0:57  Probe (Chrono Boost)  
  18  1:01  Pylon  
  18  1:07  Probe (Chrono Boost)  
  19  1:25  Nexus  
  19  1:28  Probe (Chrono Boost)  
  20  1:38  Cybernetics Core  
  20  1:41  Probe (Chrono Boost)  
  21  1:47  Assimilator  
  21  1:52  Probe (Chrono Boost)  
  22  1:55  Pylon  
  22  2:02  Probe (Chrono Boost)  
  23  2:13  Probe (Chrono Boost)  
  23  2:15  Adept (Chrono Boost)  
  26  2:24  Stargate  
  26  2:25  Probe  
  27  2:35  Warp Gate  
  27  2:37  Probe  
  27  2:39  Probe, Adept (Chrono Boost)  
  31  2:49  Probe  
  31  2:50  Probe  
  33  3:00  Probe  
  33  3:01  Probe  
  33  3:02  Pylon  
  33  3:04  Oracle (Chrono Boost)  
  37  3:11  Probe  
  39  3:13  Probe  
  39  3:17  Gateway  
  40  3:23  Probe  
  40  3:24  Adept (Chrono Boost)  
  40  3:26  Probe  
  44  3:35  Probe  
  44  3:36  Pylon, Oracle  
  44  3:38  Probe  
  49  3:47  Probe  
  49  3:48  Adept (Chrono Boost)  
  52  3:50  Probe  
  53  3:59  Probe (Chrono Boost)  
  54  4:03  Probe (Chrono Boost)  
  54  4:05  Pylon  
  55  4:12  Mothership Core (Chrono Boost)  
  55  4:14  Nexus  
  55  4:16  Phoenix  
  58  4:18  Probe (Chrono Boost)  
  58  4:23  Assimilator  
  60  4:26  Assimilator  
  60  4:30  Probe x2 (Chrono Boost)  
  62  4:35  Pylon  
  62  4:40  Probe (Chrono Boost), Adept x2  
  62  4:42  Probe (Chrono Boost)  
  68  4:51  Probe (Chrono Boost)  
  70  4:54  Probe (Chrono Boost)  
  70  4:56  Robotics Facility  
  70  5:01  Probe (Chrono Boost)  
  70  5:05  Zealot, Sentry  
  70  5:06  Probe (Chrono Boost)  
  76  5:12  Probe (Chrono Boost)  
  77  5:14  Pylon  
  77  5:17  Twilight Council  
  77  5:18  Probe (Chrono Boost)  
  77  5:19  Forge  
  78  5:26  Probe (Chrono Boost)  
  79  5:28  Gateway  
  79  5:30  Probe (Chrono Boost), Gateway  
  79  5:32  Probe (Chrono Boost)  
  79  5:34  Gateway  
  81  5:36  Probe (Chrono Boost)  
  81  5:37  Protoss Ground Weapons Level 1 (Chrono Boost)  
  81  5:41  Probe x2 (Chrono Boost)  
  84  5:43  Observer (Chrono Boost), Assimilator  
  84  5:44  Assimilator  
  84  5:47  Probe  
  86  5:52  Probe  
  86  5:53  Charge (Chrono Boost), Probe  
  88  5:59  Probe  
  86  6:05  Gateway  
  86  6:07  Gateway  
  86  6:08  Gateway  
  86  6:09  Photon Cannon  
  86  6:10  Pylon  
  86  6:15  Templar Archives  
  86  6:18  Photon Cannon  
  86  6:22  Zealot, Sentry  
  90  6:27  Immortal  
  90  6:28  Photon Cannon  
  90  6:31  Pylon  
  94  6:43  Photon Cannon x2  
  94  6:44  Pylon  
  94  6:45  Photon Cannon  
  94  6:50  Zealot x2  
  94  6:51  Zealot  
  98  6:58  Zealot x2  
  102  7:03  Immortal  
  102  7:05  High Templar  
  102  7:06  Photon Cannon, High Templar  
  108  7:10  Archon  
  108  7:12  Zealot x3  
  112  7:20  Zealot  
  106  7:28  Probe x2  
  106  7:29  Probe  
  105  7:33  High Templar  
  105  7:34  High Templar x2  
  105  7:35  High Templar  
  113  7:37  Warp Prism  
  113  7:38  Psionic Storm  
  113  7:40  Probe, Archon x2  
  113  7:41  Photon Cannon  
  113  7:43  Pylon  
  116  7:45  Pylon  
  116  7:50  Probe  
  117  7:55  Pylon  
  117  8:00  Photon Cannon  
  117  8:03  High Templar  
  117  8:04  High Templar  
  121  8:08  Zealot x5  
  121  8:11  Pylon  
  131  8:13  Immortal  
  131  8:17  Robotics Facility  
  135  8:25  Protoss Ground Weapons Level 2 (Chrono Boost), Gateway  
  135  8:32  High Templar  
  137  8:35  Photon Cannon  
  137  8:38  Pylon  
  137  8:42  Nexus  
  137  8:46  Zealot x3  
  143  8:53  Pylon, Immortal  
  143  8:54  Pylon, High Templar  
  149  9:04  Immortal  
  149  9:09  Robotics Bay  
  153  9:24  Zealot x3, High Templar x2  
  155  9:25  Zealot  
  155  9:29  Archon  
  165  9:36  Probe x3, Photon Cannon  
  167  9:40  Pylon  
  167  9:43  Assimilator  
  171  9:47  High Templar  
  171  9:49  Assimilator  
  173  9:53  Disruptor  
  173  9:54  Observer  
  173  10:05  Photon Cannon  
  173  10:10  Photon Cannon x2  
  173  10:12  Pylon  
  173  10:14  Disruptor  
  173  10:18  Zealot x6  
  188  10:23  Pylon  
  180  10:41  Disruptor  
  164  10:47  Zealot  
  164  10:48  Zealot x5  
  167  10:50  Disruptor  
  167  10:56  Fleet Beacon  
  170  11:00  Protoss Ground Weapons Level 3 (Chrono Boost)  
  170  11:18  High Templar x4  
  172  11:19  Zealot x4  
  172  11:22  Archon  
  186  11:26  Disruptor  
  186  11:28  Archon  
  186  11:31  Disruptor  
  192  11:43  Protoss Air Weapons Level 1  
  198  11:47  Nexus  
  198  11:49  Pylon  
  198  11:53  Zealot  
  197  12:10  Graviton Catapult  
  197  12:11  Stargate  
  197  12:12  Stargate  
  193  12:25  Zealot x4  
  189  12:32  Zealot x4  
  194  12:48  Disruptor  
  188  12:52  Disruptor  
  188  12:56  Zealot x4  
  188  12:57  Zealot x4  
  155  13:26  High Templar x3  
  155  13:27  Zealot x4, High Templar  
  157  13:31  Archon x2  
  181  13:37  Disruptor  
  168  13:54  Disruptor  
  168  14:01  Assimilator  
  171  14:03  Assimilator  
  171  14:10  Zealot x3  
  171  14:11  Zealot x5  
  171  14:30  Zealot  
  171  14:31  Zealot  
Show
View Real Time Build Order
Export as new Build Order

Minato Zerg 

Build Orders: Pool First, Lurkers 

Get SALT Encoding   

  12  0:00  Drone  
  13  0:12  Overlord  
  13  0:20  Drone  
  14  0:31  Drone x2  
  14  0:34  Drone  
  17  0:52  Drone  
  17  0:53  Spawning Pool  
  17  0:56  Drone  
  18  1:07  Extractor  
  17  1:17  Hatchery  
  16  1:20  Drone  
  16  1:21  Drone  
  18  1:40  Queen, Zergling x2  
  18  1:42  Overlord  
  21  1:52  Drone  
  22  2:01  Drone  
  23  2:09  Metabolic Boost  
  23  2:13  Drone  
  24  2:15  Queen  
  26  2:28  Drone  
  26  2:29  Queen  
  29  2:32  Drone  
  29  2:34  Drone  
  31  2:40  Overlord  
  31  2:44  Drone  
  32  2:55  Hatchery  
  32  2:56  Drone  
  32  2:58  Drone  
  33  3:11  Drone x4  
  37  3:14  Overlord  
  37  3:16  Drone  
  38  3:20  Drone x2  
  40  3:27  Drone  
  40  3:28  Spore Crawler, Drone  
  40  3:31  Drone  
  40  3:33  Drone  
  43  3:39  Lair  
  43  3:42  Drone x2  
  43  3:45  Extractor  
  43  3:46  Extractor  
  43  3:47  Overlord  
  43  3:53  Zergling x4  
  45  3:56  Zergling x4  
  45  3:57  Zergling x2  
  45  3:59  Drone  
  49  4:09  Drone x2  
  49  4:13  Spore Crawler, Drone x2  
  49  4:15  Drone  
  49  4:16  Drone  
  52  4:20  Drone  
  53  4:28  Drone x5  
  58  4:34  Spore Crawler, Drone  
  58  4:35  Drone  
  57  4:44  Hydralisk Den  
  55  4:45  Drone x2  
  55  4:46  Drone  
  55  4:48  Zergling x2  
  58  4:54  Zergling x2  
  58  4:55  Zergling x8  
  58  4:58  Overlord  
  63  5:00  Zergling x2  
  63  5:01  Zergling x2  
  63  5:04  Overlord  
  63  5:07  Overlord  
  64  5:14  Muscular Augments  
  64  5:15  Overlord  
  64  5:20  Overlord x2  
  64  5:23  Hydralisk  
  64  5:27  Hydralisk  
  68  5:28  Hydralisk  
  68  5:32  Hydralisk  
  68  5:34  Hydralisk  
  74  5:41  Hydralisk x2  
  78  5:46  Hydralisk  
  78  5:47  Hydralisk  
  78  5:48  Hydralisk  
  84  5:50  Hydralisk  
  84  5:53  Overlord  
  86  5:58  Hydralisk x2  
  86  5:59  Hydralisk  
  86  6:01  Zergling x2  
  93  6:04  Zergling x4  
  93  6:05  Zergling x2  
  96  6:11  Hydralisk  
  96  6:12  Zergling x6  
  96  6:16  Zergling x4  
  96  6:17  Zergling x2  
  104  6:19  Zergling x2  
  104  6:21  Overlord  
  104  6:23  Overlord  
  105  6:35  Overlord x2  
  105  6:42  Hydralisk x3, Zergling x4  
  105  6:43  Zergling x4  
  105  6:45  Zergling x4  
  108  6:58  Hydralisk x3, Zergling x4  
  108  6:59  Zergling x2  
  109  7:09  Hydralisk x2, Zergling x6  
  110  7:19  Hydralisk x3, Zergling x4  
  110  7:20  Zergling x2  
  111  7:26  Hydralisk x2  
  108  7:35  Drone  
  108  7:36  Baneling Nest, Drone x2  
  108  7:37  Drone  
  111  7:41  Evolution Chamber, Drone x2  
  111  7:42  Drone  
  113  7:44  Drone  
  113  7:46  Drone  
  113  7:48  Extractor  
  114  7:51  Lurker Den  
  114  7:55  Drone  
  114  7:56  Drone  
  114  7:57  Drone  
  117  7:59  Drone x2  
  117  8:01  Overseer  
  117  8:05  Drone x3  
  122  8:08  Zerg Melee Weapons Level 1  
  122  8:13  Extractor x2, Overlord  
  122  8:14  Overlord  
  120  8:20  Drone  
  120  8:21  Drone x2  
  120  8:23  Overseer  
  120  8:25  Drone x3  
  126  8:31  Baneling x7  
  126  8:40  Zergling x4  
  126  8:41  Zergling x18  
  137  8:54  Hatchery  
  136  8:56  Hydralisk x2, Zergling x6  
  136  8:57  Zergling x2  
  143  9:11  Overlord x3  
  142  9:18  Lurker x3  
  142  9:20  Overlord x3  
  145  9:31  Pneumatized Carapace  
  145  9:38  Lurker x3  
  148  9:40  Drone x11  
  148  9:41  Drone  
  148  9:43  Drone x2  
  162  9:56  Lurker x3  
  162  9:59  Overseer  
  165  10:00  Drone x4  
  165  10:03  Zerg Missile Weapons Level 1  
  165  10:06  Queen  
  169  10:07  Extractor x2  
  169  10:08  Drone  
  169  10:09  Drone x2  
  172  10:18  Spore Crawler  
  172  10:19  Spore Crawler  
  172  10:20  Hydralisk x5, Zergling x4  
  172  10:21  Zergling x6  
  163  10:29  Hydralisk x3  
  163  10:30  Zergling x4  
  153  10:40  Zergling x2  
  144  10:52  Hydralisk x5  
  144  10:53  Zergling x8  
  158  11:04  Hydralisk x3  
  158  11:11  Hydralisk x2, Zergling x2  
  164  11:14  Hatchery  
  168  11:24  Hydralisk, Zergling x2  
  168  11:25  Zergling x2  
  172  11:28  Queen  
  175  11:37  Overlord x3  
  172  11:43  Hydralisk x3, Zergling x2  
  172  11:44  Baneling Nest, Zergling x2  
  179  11:49  Hydralisk  
  181  11:54  Nydus Network  
  181  11:55  Hydralisk  
  181  11:56  Zergling x2  
  183  12:02  Hydralisk x2  
  183  12:03  Zergling x2  
  175  12:10  Lurker x4  
  175  12:11  Lurker  
  176  12:16  Hydralisk x2, Zergling x2  
  176  12:19  Queen  
  182  12:24  Overseer  
  174  12:32  Hydralisk x2  
  174  12:33  Hydralisk, Zergling x8  
  166  12:40  Zergling x2  
  166  12:41  Centrifical Hooks  
  146  12:48  Hydralisk x2, Zergling x2  
  145  12:55  Hydralisk  
  145  12:56  Hydralisk, Zergling x10  
  138  13:06  Hydralisk x2  
  138  13:07  Zergling x4  
  133  13:14  Hydralisk  
  133  13:15  Zergling x6  
  133  13:18  Hydralisk  
  130  13:21  Overseer  
  126  13:28  Hydralisk x2  
  126  13:29  Zergling x4  
  120  13:36  Hydralisk x2  
  120  13:40  Hydralisk  
  118  13:41  Zergling x2  
  116  13:59  Hydralisk x3  
  116  14:00  Zergling x6  
  123  14:04  Hydralisk  
  123  14:05  Zergling x2  
  121  14:12  Hydralisk  
  121  14:13  Zergling x2  
  121  14:18  Zergling x4  
Tags
 
Add a new tag
Caveats
  • Supply blocks, unpowered buildings, or Contaminate may cause inaccurate times.
  • Supply counts are checked every 10 seconds.